 Dungeon Crawl Stone Soup version 0.25-a0-420-g1cc7eeb0d1 (webtiles) character file.

Game seed: 17481951504702012315, levelgen mode: deterministic

137 Kohma the Chopper (level 5, 0/48 HPs)
             Began as a Hill Orc Abyssal Knight on Jan 19, 2020.
             Was a Believer of Lugonu.
             Slain by a phantom (8 damage)
             ... on level 6 of the Dungeon.
             The game lasted 00:06:14 (1894 turns).

Kohma the Chopper (Hill Orc Abyssal Knight)         Turns: 1894, Time: 00:06:15

Health: 0/48       AC:  7    Str: 16    XL:     5   Next: 20%
Magic:  6/6        EV:  9    Int: 12    God:    Lugonu [**....]
Gold:   155        SH:  0    Dex: 10    Spells: 4/4 levels left

rFire    . . .     SeeInvis .   a - +1 hand axe
rCold    . . .     Gourm    .   (no shield)
rNeg     . . .     Faith    .   j - +0 scale mail (curse)
rPois    .         Spirit   .   u - +0 helmet
rElec    .         Reflect  .   (no cloak)
rCorr    .         Harm     .   (no gloves)
MR       .....                  (no boots)
Stlth    ..........             (no amulet)
HPRegen  0.16/turn              (no ring)
MPRegen  0.10/turn              (no ring)

@: no status effects
A: no striking features
a: Depart the Abyss, Bend Space, Renounce Religion


You were on level 6 of the Dungeon.
You worshipped Lugonu.
Lugonu was pleased with you.
You were not hungry.

You visited 1 branch of the dungeon, and saw 4 of its levels.
You visited the Abyss 1 time.

You collected 155 gold pieces.

Inventory:

Hand Weapons
 a - a +1 hand axe (weapon)
 e - a +2 dagger of venom
 t - a +0 arbalest
Missiles
 l - 23 poisoned darts (quivered)
Armour
 j - a cursed +0 scale mail (worn)
 u - a +0 helmet (worn)
Jewellery
 s - a +3 ring of dexterity {unknown}
Scrolls
 b - 2 scrolls of enchant armour {unknown}
 d - 5 scrolls of teleportation {unknown}
 g - a scroll of fear {unknown}
 m - 2 scrolls of identify {unknown}
 o - a scroll of remove curse {unknown}
 r - a scroll of magic mapping {unknown}
Potions
 f - a potion of lignification {unknown}
 i - 3 potions of heal wounds {unknown}
 k - a potion of magic {unknown}
 n - a potion of curing {unknown}
 p - a potion of agility {unknown}
 q - a potion of cancellation {unknown}
Comestibles
 c - 3 rations
 h - a chunk of flesh


   Skills:
 - Level 5.0 Fighting
 + Level 5.8 Axes
 - Level 2.1 Armour
 - Level 0.7 Dodging
 - Level 2.4 Invocations


You had 4 spell levels left.
You didn't know any spells.
Your spell library was empty.

Dungeon Overview and Level Annotations

Branches:
Dungeon (3/15)             Temple (0/1) D:6

Altars:
Uskayaw


Message History

You hit the orc.
You kill the orc!
Lugonu accepts your kill.
You closely miss the orc. The orc hits you with a +0 war axe.
* * * LOW HITPOINT WARNING * * *
You hit the orc.
The orc is heavily wounded.
The phantom blinks!
You hit the orc.
You kill the orc!
Lugonu accepts your kill.
You closely miss the phantom.
The phantom hits you but does no damage.
You hit the phantom.
The phantom is moderately damaged.
The phantom hits you but does no damage.
You closely miss the phantom.
The phantom is moderately damaged.
The phantom hits you!
You die...

# #..#
##...###..
#########..#
./........
...........#
..>..⌠.
##########.#
...... #.#
#...# #.#
#.⌠.# #.#
##...# #.#
#)#.#..#
#.#####@#... #
#....>.W#<#.#
#########.#..#
.# .# .# # .#


You could see a phantom.

Vanquished Creatures
  An orc wizard (D:6)
  A hound (D:6)
  3 dart slugs (D:1)
  A leopard gecko (D:2)
  3 orcs (D:6)
  8 giant cockroaches
  4 hobgoblins
  6 jackals
  10 kobolds
  A quokka (D:2)
  2 ball pythons
  6 bats
  4 frilled lizards
  7 goblins
  8 rats
65 creatures vanquished.

Vanquished Creatures (others)
  A rat (D:1)
1 creature vanquished.

Grand Total: 66 creatures vanquished

Notes
Turn   | Place    | Note
-------+----------+-------------------------------------------
     0 | Abyss:1  | Kohma the Hill Orc Abyssal Knight began the quest for the
                  | Orb.
     0 | Abyss:1  | Reached XP level 1. HP: 19/19 MP: 2/2
     6 | Abyss:1  | Noticed a thrashing horror
    11 | D:1      | Escaped the Abyss
   302 | D:1      | Reached * piety under Lugonu
   302 | D:1      | Reached XP level 2. HP: 23/27 MP: 3/3
   572 | D:1      | Reached XP level 3. HP: 28/34 MP: 4/4
  1269 | D:2      | Reached ** piety under Lugonu
  1280 | D:2      | Reached XP level 4. HP: 39/41 MP: 5/5
  1298 | D:2      | Noticed a +0 hand axe
  1298 | D:2      | Noticed a +0 hand axe
  1303 | D:2      | Found a hide-covered altar of Uskayaw.
  1378 | D:2      | Found a faded altar of an unknown god.
  1800 | D:3      | You fall into a shaft and drop 3 floors!
  1841 | D:6      | Found a staircase to the Ecumenical Temple.
  1844 | D:6      | Noticed a phantom
  1847 | D:6      | Reached skill level 5 in Fighting
  1860 | D:6      | Reached skill level 5 in Axes
  1877 | D:6      | Reached XP level 5. HP: 20/48 MP: 6/6
  1894 | D:6      | Slain by a phantom

Levels and vault maps discovered:
D:1:      minmay_arrival_checkered_box, layout_rooms, nrook_campfire
D:2:      layout_basic, dancing_weapons_uskayaw,
          chequers_ecumenical_altar_grove, minmay_small_reverse_x
D:3:      layout_basic
D:6:      lemuel_upstairs_altar, layout_basic,
          nicolae_overflow_quartered_altars, minmay_temple_entry_junction,
          guppyfry_early_elven_hall, uniq_prince_ribbit1

Skill      XL: |  1  2  3  4 |
---------------+-------------+-----
Axes           | 3 4 5 |  5.8
Fighting       | 4 5 |  5.0
Armour         | |  2.1
Dodging        | |  0.7
Invocations    | |  2.4

Action                   |  1- 3 |  4- 6 || total
-------------------------+-------+-------++-------
Melee: Hand axe          |   137 |    82 ||   219
Throw: Dart              |    21 |       ||    21
Invok: Depart the Abyss  |     1 |       ||     1
  Eat: Chunk             |     1 |     2 ||     3
Armor: Leather armour    |    23 |       ||    23
       Scale mail        |    54 |    36 ||    90
Dodge: Dodged            |   115 |    39 ||   154

Table legend:
 A = Non-vault XP
 B = Vault XP
 C = Vault XP percentage of total XP
 D = Non-vault monster count
 E = Vault monster count
 F = Vault count percentage of total count
                 A         B        C        D         E       F
            +---------+---------+-------+---------+---------+-------
      Total |     190 |       6 |   3.1 |      61 |       4 |   6.2
            +---------+---------+-------+---------+---------+-------
        D:1 |      55 |       0 |   0.0 |      30 |       0 |   0.0
        D:2 |      32 |       6 |  15.8 |      20 |       4 |  16.7
        D:3 |       9 |       0 |   0.0 |       5 |       0 |   0.0
        D:6 |      94 |       0 |   0.0 |       6 |       0 |   0.0
            +---------+---------+-------+---------+---------+-------
